 Dungeon Crawl Stone Soup version 0.30.1-11-g7821555f0a (webtiles) character file.

Game seed: 3833715255772642735

27 1111 the Cudgeller (level 2, -5/28 HPs)
             Began as a Troll Gladiator on Nov 13, 2023.
             Succumbed to their own poison gas
             ... on level 1 of the Dungeon.
             The game lasted 00:04:52 (869 turns).

1111 the Cudgeller (Troll Gladiator)                 Turns: 869, Time: 00:04:53

Health: -5/28      AC:  4    Str: 21    XL:     2   Next: 93%
Magic:  1/1        EV: 10    Int:  4    God:
Gold:   60         SH:  0    Dex: 11    Spells: 1/1 levels left

rFire   . . .        a - +0 flail
rCold   . . .        (no shield)
rNeg    . . .        b - +0 robe
rPois   .            c - +0 hat
rElec   .            (no cloak)
rCorr   .            (gloves unavailable)
SInv    .            (boots unavailable)
Will    .....        (no amulet)
Stlth   +            (no ring)
HPRegen 1.04/turn    (no ring)
MPRegen 0.07/turn

%: no passive effects
@: lethally poisoned (-5 -> -35)
A: large, unfitting armour, claws 3, regeneration 1, shaggy fur 1, tough skin 1
a: no special abilities


You were on level 1 of the Dungeon.
You visited 1 branch of the dungeon, and saw 1 of its levels.

You collected 60 gold pieces.

Inventory:

Hand Weapons
 a - a +0 flail (weapon)
Missiles
 d - 2 throwing nets
 g - 7 stones
 j - a large rock (quivered)
Armour
 b - a +0 robe (worn)
 c - a +0 hat (worn)
Scrolls
 h - 4 scrolls of identify
 l - a scroll of enchant weapon {unknown}
Potions
 e - a potion of mutation
 k - a potion of heal wounds {unknown}


   Skills:
 - Level 1.7 Fighting
 + Level 3.4 Maces & Flails
 - Level 2.0 Throwing
 - Level 2.5 Dodging


You had one spell level left.
You didn't know any spells.
Your spell library was empty.

Dungeon Overview and Level Annotations

Branches:
Dungeon (1/15)

Altars:

Shops:
D:1 *


Innate Abilities, Weirdness & Mutations

You are too large for most types of armour.
You have claws for hands.
Your natural rate of healing is unusually fast.
You are covered in fur. (AC +1)
You have tough skin. (AC +1)


Message History

There is an open door here.
You see here a staff of conjuration.
There is a large open door here.
As you read the scroll labelled BAFUECOSAR, it crumbles to dust.
You feel strangely unstable.
It was a scroll of teleportation.
Your surroundings suddenly seem different.
You see here a staff of conjuration.
As you read the scroll labelled AXTOTS BITI, it crumbles to dust.
It is a scroll of identify.
e - a potion of mutation The air fills with toxic fumes!
As you read the scroll labelled XETENY QEMIXIUHOE, it crumbles to dust.
It was a scroll of poison.
Really walk into that cloud of poison gas? [Y]es or [N]o only, please.
Really walk into that cloud of poison gas? [Y]es or [N]o only, please.
Really walk into that cloud of poison gas? [Y]es or [N]o only, please.
Really walk into that cloud of poison gas?
Uppercase [Y]es or [N]o only, please.
Really walk into that cloud of poison gas? [Y]es or [N]o only, please.
Really walk into that cloud of poison gas? [Y]es or [N]o only, please.
Really walk into that cloud of poison gas?
Uppercase [Y]es or [N]o only, please.
Really walk into that cloud of poison gas? [Y]es or [N]o only, please.
Really walk into that cloud of poison gas?
Uppercase [Y]es or [N]o only, please.
Really walk into that cloud of poison gas?
You are engulfed in poison gas.
You are poisoned.
You feel very sick.
You are engulfed in poison gas.
You are more poisoned.
You feel very sick.
You are engulfed in poison gas.
You are more poisoned.
* * * LOW HITPOINT WARNING * * *
You die...

#####...................#
#####..............#.####
........§..........#.#
##.......§#########..#
#.......'§### ###.######
#.......#.§.# #.§§.....#
#.......###§####§#§####.#
####....# #§§§§§§§§# #.#
###### #§.§§@§§## #.#
#§§§§#### #.# #§§§§# #.#
###### #.#
###################### #.#
........#............###.#
........'............'...#
........#............#####
#######.#............#.#


There were no monsters in sight!

Vanquished Creatures
  A dart slug (D:1)
  4 bats (D:1)
  2 endoplasms (D:1)
  5 goblins (D:1)
  4 hobgoblins (D:1)
  2 quokkas (D:1)
  A ball python (D:1)
  2 kobolds (D:1)
21 creatures vanquished.

Notes
Turn   | Place    | Note
-------+----------+-------------------------------------------
     0 | D:1      | 1111 the Troll Gladiator began the quest for the Orb.
     0 | D:1      | Reached XP level 1. HP: 19/19 MP: 0/0
    64 | D:1      | Reached XP level 2. HP: 28/28 MP: 1/1
    72 | D:1      | Found Dyfosm's Assorted Antiques.
   121 | D:1      | Reached skill level 3 in Maces & Flails
   869 | D:1      | Succumbed to their own poison gas

Illustrated notes

Levels and vault maps discovered:
D:1:      psy_arrival_spokes, layout_basic, serial_shops, nicolae_lakefront_shop

Skill      XL: |  1  2 |
---------------+-------+-----
Throwing       | 2 |  2.0
Maces & Flails | 3 |  3.4
Fighting       | |  1.7
Dodging        | |  2.5

Action                     || total
---------------------------++-------
  Melee: Flail             ||    48
  Throw: Large rock        ||     6
         Throwing net      ||     1
    Use: Scroll            ||     3
 Armour: Robe              ||    24
  Dodge: Dodged            ||    28
